 Dungeon Crawl Stone Soup version 0.18-a0-1572-g0a86841 (console) character file.

33098 sorlin the Fighter (level 13, -5/125 HPs)
             Began as a Centaur Wanderer on Mar 15, 2016.
             Was a High Priest of Okawaru.
             Slain by an eight-headed hydra (6 damage)
             ... on level 6 of the Lair of Beasts.
             The game lasted 02:07:36 (30110 turns).

sorlin the Fighter (Centaur Wanderer)              Turns: 30110, Time: 02:07:36

Health: -5/125     AC: 14    Str: 14    XL:     13   Next: 34%
Magic:  16/16      EV: 10    Int: 14    God:    Okawaru [*****.]
Gold:   598        SH:  0    Dex: 12    Spells: 3 memorised, 5 levels left

rFire  + + .     SeeInvis +     b - +0 blowgun
rCold  . . .     Gourm    .     j - +2 robe {MR+}
rNeg   . . .     Faith    .     (no shield)
rPois  +         Spirit   .     Z - +2 hat {SInv}
rElec  .         Dismiss  .     G - +0 cloak
rCorr  .         Reflect  .     o - +0 pair of gloves
SustAt .         Harm     .     R - +0 centaur barding of the Cast Vote {+Blink rF+ Stlth+}
MR     +....                    (no amulet)
Stlth  ++........               A - ring of poison resistance
                                k - ring of protection from fire

@: studying Staves, very quick, somewhat resistant to hostile enchantments,
unstealthy
A: hooves 3, deformed body, speed 2, tough skin 3
a: Heroism, Finesse, Renounce Religion, Evoke Blink


You were on level 6 of the Lair of Beasts.
You worshipped Okawaru.
Okawaru was extremely pleased with you.
You were not hungry.

You visited 2 branches of the dungeon, and saw 16 of its levels.

You collected 720 gold pieces.
You spent 122 gold pieces at shops.


Innate Abilities, Weirdness & Mutations

You have hooves in place of feet.
Armour fits poorly on your strangely shaped body.
You cover ground very quickly.
You have extremely tough skin (AC +3).


   Skills:
 + Level 14.7 Fighting
 - Level 12.0 Polearms
 - Level 5.0 Dodging
 - Level 1.0 Stealth
   Level 1.0 Shields
 - Level 1.5 Spellcasting
 - Level 3.3 Conjurations
 - Level 3.0 Transmutations
 - Level 3.2 Fire Magic
 - Level 4.1 Poison Magic
 - Level 5.0 Invocations


You had 5 spell levels left.
You knew the following spells:

 Your Spells              Type           Power        Failure   Level  Hunger
a - Sting                 Conj/Pois      ##..         6%          1    ##.....
A - Ignite Poison         Fire/Trmt/Pois ##......     21%         3    ####...
Z - Haste                 Chrm           #.......     100%        6    #######

Inventory:

Hand Weapons
 a - a +5 spear
 b - a +0 blowgun (weapon)
 f - a +0 shortbow
 T - the +5 falchion "Roj Uxan" {flame, Str+4}
   (You found it on level 9 of the Dungeon)

   It has been specially enchanted to burn those struck by it, causing extra
   injury to most foes and up to half again as much damage against particularly
   susceptible opponents.
   Big, fiery blades are also staple armaments of hydra-hunters.
   It affects your strength (+4).
Missiles
 e - 40 poisoned needles (quivered)
 i - 9 javelins
 z - 223 arrows
 D - 15 arrows of dispersal
 V - 11 poisoned arrows
 X - 6 curare-tipped needles
Armour
 j - a +2 robe of magic resistance (worn)
   (You took it off a wight on level 6 of the Dungeon)
 o - a +0 pair of gloves (worn)
 G - a +0 cloak (worn)
 R - the +0 centaur barding of the Cast Vote (worn) {+Blink rF+ Stlth+}
   (Okawaru gifted it to you on level 1 of the Lair of Beasts)

   It protects you from fire.
   It lets you blink.
   It makes you more stealthy.
 Z - a +2 hat of see invisible (worn)
   (Okawaru gifted it to you on level 2 of the Lair of Beasts)
Jewellery
 k - a ring of protection from fire (left hand)
 A - a ring of poison resistance (right hand)
Wands
 c - a wand of teleportation (5/9) {!d}
 d - a wand of slowing (19/48)
 w - a wand of digging (24/24)
 P - a wand of lightning (5/15)
 S - a wand of digging (13/24)
 W - a wand of paralysis (0/24)
 Y - a wand of enslavement (9/24)
Scrolls
 h - 5 scrolls of enchant armour
 l - 3 scrolls of magic mapping {!r}
 m - 3 scrolls of blinking
 n - 2 scrolls of fog
 r - 3 scrolls of immolation {!r}
 u - 8 scrolls of teleportation {!r}
 v - a scroll of summoning {!r}
 y - 2 scrolls of fear {!r}
 E - 5 scrolls of remove curse
 H - a scroll of recharging
 L - a scroll of enchant weapon
 U - a scroll of identify
Potions
 g - 2 potions of curing
 p - 2 potions of haste {!q}
 s - 2 potions of berserk rage {!q}
 t - 2 potions of lignification {!q}
 x - 4 potions of might {!q}
 F - a potion of agility {!q}
 I - 3 potions of flight
 J - 3 potions of brilliance {!q}
 K - 4 potions of cancellation {!q}
 O - a potion of ambrosia
 Q - 4 potions of heal wounds {!q}
Books
 B - a manual of Staves {!d}
Miscellaneous
 C - a phial of floods
Comestibles
 q - 10 meat rations {!e}
 M - 2 chunks of flesh
 N - 3 bread rations {!e}


Message History

The eight-headed hydra is almost dead.
A water moccasin comes into view.
Firing (i - inventory. (,) - cycle):
e - 43 poisoned needles (quivered)
Aim: an eight-headed hydra (severely wounded)
You shoot a poisoned needle.
The poisoned needle barely misses the eight-headed hydra.
The water moccasin hisses angrily.
You see here 28 stones.
There is a fountain of clear blue water here.
Firing (i - inventory. (,) - cycle):
e - 42 poisoned needles (quivered)
Aim: an eight-headed hydra (severely wounded)
You shoot a poisoned needle.
The poisoned needle completely misses the eight-headed hydra.
Firing (i - inventory. (,) - cycle):
e - 41 poisoned needles (quivered)
Aim: an eight-headed hydra (severely wounded)
You shoot a poisoned needle.
The poisoned needle hits the eight-headed hydra!
The eight-headed hydra is poisoned.
The eight-headed hydra is severely wounded.
Really attack while wielding your +0 blowgun?
You clumsily bash the fungus but do no damage.
The eight-headed hydra bites you but does no damage.
The eight-headed hydra bites you! The eight-headed hydra bites you.
The eight-headed hydra barely misses you.
The eight-headed hydra bites you!
* * * LOW HITPOINT WARNING * * *
The eight-headed hydra bites you but does no damage. x3
The water moccasin bites you but does no damage.
You take 22 damage.
You clumsily bash the fungus but do no damage.
The water moccasin completely misses you.
The eight-headed hydra bites you but does no damage.
The eight-headed hydra bites you.
* * * LOW HITPOINT WARNING * * *
The eight-headed hydra bites you!
* * * LOW HITPOINT WARNING * * *
The eight-headed hydra bites you!
* * * LOW HITPOINT WARNING * * *
The eight-headed hydra bites you.
* * * LOW HITPOINT WARNING * * *
The eight-headed hydra bites you!
* * * LOW HITPOINT WARNING * * *
The eight-headed hydra bites you!
* * * LOW HITPOINT WARNING * * *
The eight-headed hydra bites you but does no damage.
The water moccasin bites you but does no damage.
The eight-headed hydra bites you.
* * * LOW HITPOINT WARNING * * *
The eight-headed hydra bites you.
You die...

#.#...P#..#..+.....##.###
#....P#####..#......###
##....#...#P.....⌠...####
#......)...÷.........#..
#...........####......##
##P...P.....##.###...⌠..#
#P.......P......^........
##.......................
#......PP.P.#..(⌠..⌠.<.⌠.
#..#....PS.(..†..(.......
#.......P@D..#..†........(
##...#)PP....##.#†#...⌠..#
#.....P[P...###...(....##
....#..P...###.†.......#.
.# #.....P#.'...⌠...#...
#.......#†#......#...#
#P.P.P.##†.....(####.#
.....$.#..#...#.#...##
......#.#####.....(.
.P....#†P..P#.......
.#.#...P........###.


You could see an eight-headed hydra and a water moccasin.

Vanquished Creatures
  2 hydras
  A catoblepas (Lair:1)
  A queen ant (Lair:4)
  Sonja (Lair:1)
  A hill giant (D:10)
  The ghost of Ace the Archer, a novice HEHu (D:6)
  Joseph (D:9)
  2 black mambas (Lair:2)
  9 spiny frogs
  4 rime drakes
  8 komodo dragons
  6 polar bears (Lair:5)
  A two-headed ogre (D:8)
  16 blink frogs
  A wyvern (D:8)
  32 yaks
  2 basilisks
  8 hippogriffs
  2 hungry ghosts
  9 soldier ants (Lair:4)
  A swamp worm (Lair:6)
  11 porcupines
  15 water moccasins
  A black bear (Lair:2)
  A wasp (Lair:2)
  4 ice beasts
  5 ogres
  2 phantoms
  11 wolves
  3 centaurs
  10 crocodiles
  A big kobold (D:8)
  Blork the orc (D:3)
  21 giant frogs
  A wyvern zombie (D:6)
  3 scorpions
  A water moccasin skeleton (D:4)
  12 killer bees
  7 wights
  8 howler monkeys
  2 crimson imps
  A gnoll shaman (D:10)
  3 hounds
  2 orc wizards
  An orc priest (D:5)
  A giant frog skeleton (D:8)
  3 jellies
  2 centaur skeletons
  8 iguanas
  26 worker ants
  A killer bee zombie (D:7)
  12 sheep
  2 hound skeletons
  2 hound zombies
  A worker ant zombie (D:6)
  8 gnolls
  14 adders
  26 river rats
  A shadow imp (D:7)
  An adder zombie (D:5)
  4 adder skeletons
  4 worms
  A dart slug (D:2)
  5 giant geckos
  18 orcs
  5 bats
  4 giant cockroaches
  6 goblins
  11 hobgoblins
  12 jackals
  9 kobolds
  5 quokkas
  A ball python (D:2)
  A giant gecko skeleton (D:4)
  A giant gecko zombie (D:5)
  5 giant newts
  A quokka skeleton (D:9)
437 creatures vanquished.

Vanquished Creatures (others)
  9 fungi
  10 plants
19 creatures vanquished.

Grand Total: 456 creatures vanquished

Notes
Turn   | Place    | Note
--------------------------------------------------------------
     0 | D:1      | sorlin the Centaur Wanderer began the quest for the Orb.
     0 | D:1      | sorlin set off with: a +2 spear, a scroll of teleportation {!r}, the Compendium of Contamination, a +0 robe, a bread ration {!e}
     0 | D:1      | Reached XP level 1. HP: 17/17 MP: 3/3
     0 | D:1      | Identified the Compendium of Contamination
     2 | D:1      | Learned a level 1 spell: Sting
   137 | D:1      | Reached skill level 1 in Poison Magic
   207 | D:1      | Reached XP level 2. HP: 16/24 MP: 1/4
   572 | D:1      | Reached skill level 1 in Conjurations
  1121 | D:2      | Reached XP level 3. HP: 29/29 MP: 1/5
  1661 | D:2      | Found an ancient bone altar of Kikubaaqudgha.
  1778 | D:2      | Reached skill level 2 in Conjurations
  1893 | D:2      | Reached skill level 2 in Poison Magic
  1893 | D:2      | Reached XP level 4. HP: 26/36 MP: 1/6
  1907 | D:2      | Learned a level 3 spell: Ignite Poison
  2020 | D:2      | Found a radiant altar of Vehumet.
  2376 | D:3      | Found a white marble altar of Elyvilon.
  2465 | D:3      | Found a shimmering altar of Xom.
  2865 | D:3      | Noticed Blork the orc
  2922 | D:3      | Killed Blork the orc
  2922 | D:3      | Reached skill level 2 in Transmutations
  2922 | D:3      | Reached XP level 5. HP: 37/41 MP: 1/7
  3112 | D:3      | Reached skill level 3 in Conjurations
  3253 | D:3      | Found a deep blue altar of Sif Muna.
  3379 | D:4      | Reached skill level 2 in Fire Magic
  3527 | D:4      | Found a sacrificial altar of Ru.
  3612 | D:4      | Became a worshipper of Ru the Awakened
  3617 | D:4      | Noticed a hungry ghost
  3799 | D:4      | Reached skill level 3 in Transmutations
  3799 | D:4      | Reached XP level 6. HP: 42/48 MP: 8/8
  3926 | D:4      | Found an iron altar of Okawaru.
  3932 | D:4      | Fell from the grace of Ru
  3932 | D:4      | Became a worshipper of Warmaster Okawaru
  4266 | D:5      | Entered Level 5 of the Dungeon
  4463 | D:5      | Found a snail-covered altar of Cheibriados.
  4581 | D:5      | Noticed an ice beast
  4717 | D:5      | Killed an ice beast
  4717 | D:5      | Reached skill level 3 in Fire Magic
  4717 | D:5      | Reached skill level 3 in Poison Magic
  4884 | D:5      | Reached XP level 7. HP: 27/55 MP: 9/9
  5048 | D:5      | HP: 16/55 [centaur/arrow (7)]
  5297 | D:5      | HP: 9/55 [centaur/arrow (16)]
  5555 | D:5      | Reached skill level 4 in Poison Magic
  5679 | D:5      | Found a shadowy altar of Dithmenos.
  5879 | D:5      | Found a blossoming altar of Fedhas.
  5897 | D:5      | Reached * piety under Okawaru
  5965 | D:5      | Reached skill level 3 in Fighting
  6002 | D:5      | Found a glowing golden altar of the Shining One.
  6002 | D:5      | Found a glowing silver altar of Zin.
  6002 | D:5      | Found a white marble altar of Elyvilon.
  6414 | D:6      | Reached skill level 4 in Fighting
  6561 | D:6      | Noticed Ace's ghost (novice HEHu)
  7150 | D:6      | Reached skill level 5 in Fighting
  7150 | D:6      | Reached XP level 8. HP: 40/68 MP: 0/10
  7351 | D:6      | HP: 18/68 [Ace's ghost (8)]
  7672 | D:6      | HP: 19/70 [Ace's ghost (6)]
  7680 | D:6      | HP: 8/70 [Ace's ghost (5)]
  7684 | D:6      | Killed Ace's ghost
  7684 | D:6      | Reached ** piety under Okawaru
  7684 | D:6      | Reached skill level 7 in Fighting
  8345 | D:6      | Found a staircase to the Ecumenical Temple.
  8504 | D:6      | Got a dazzling short sword
  8637 | D:6      | Reached skill level 8 in Fighting
  8674 | D:6      | HP: 22/74 [wyvern zombie (7)]
  8688 | D:6      | HP: 11/74 [wyvern zombie (14)]
  8741 | D:5      | Identified the +5 short sword "Ubujidypi" {freeze, rF- Str+2 Dex+8} (You found it on level 6 of the Dungeon)
  9302 | D:7      | Reached *** piety under Okawaru
  9302 | D:7      | Reached XP level 9. HP: 56/82 MP: 11/11
  9303 | D:7      | Found an oddly glowing altar of Pakellas.
  9358 | D:7      | Found Qasoxzed's Assorted Antiques.
  9378 | D:7      | Bought a scroll labeled NUOQAZ UCUSIPRYU for 25 gold pieces
  9378 | D:7      | Bought a scroll labeled CINIRYNUUL for 25 gold pieces
  9378 | D:7      | Bought a scroll labeled VULAEDW HIF QAMM for 25 gold pieces
  9378 | D:7      | Bought a sedimented dark potion for 22 gold pieces
  9378 | D:7      | Bought a scroll labeled IGUGYEW FIBBUOSK for 25 gold pieces
  9461 | D:7      | Found a radiant altar of Vehumet.
  9466 | D:7      | Reached skill level 9 in Fighting
  9744 | D:6      | HP: 22/83 [killer bee (6)]
 10775 | D:7      | Reached skill level 10 in Fighting
 12087 | D:7      | Reached skill level 11 in Fighting
 12602 | D:7      | Reached **** piety under Okawaru
 12602 | D:7      | Reached skill level 2 in Polearms
 12879 | D:8      | Reached skill level 3 in Polearms
 13265 | D:8      | Reached skill level 4 in Polearms
 13546 | D:8      | Reached XP level 10. HP: 54/95 MP: 8/12
 13913 | D:8      | Reached skill level 5 in Polearms
 14708 | D:9      | Found a staircase to the Lair.
 14775 | D:9      | Reached skill level 6 in Polearms
 14913 | D:9      | Found a shattered altar of Ashenzari.
 15160 | D:9      | Noticed Joseph
 15205 | D:9      | Killed Joseph
 15205 | D:9      | Reached skill level 7 in Polearms
 15300 | D:9      | Received a gift from Okawaru
 15360 | D:9      | Got a smoking falchion
 15418 | D:9      | Identified the +5 falchion "Roj Uxan" {flame, Str+4} (You found it on level 9 of the Dungeon)
 15530 | D:9      | Reached skill level 8 in Polearms
 15710 | D:9      | Found a blossoming altar of Fedhas.
 15945 | D:10     | Entered Level 10 of the Dungeon
 15954 | D:10     | Reached ***** piety under Okawaru
 16317 | D:10     | Noticed a hill giant
 16341 | D:10     | HP: 22/95 [komodo dragon (29)]
 16357 | D:10     | Killed a hill giant
 16357 | D:10     | Reached skill level 9 in Polearms
 16434 | D:10     | Noticed Kaishin's ghost (journeyman DrTm)
 16437 | D:10     | HP: 10/95 [Kaishin's ghost/bolt of negative energy (31)]
 16438 | D:10     | Upgraded the game from 0.18-a0-1570-gf60b0ab to 0.18-a0-1572-g0a86841
 16837 | Lair:1   | Entered Level 1 of the Lair of Beasts
 16951 | Lair:1   | Noticed Sonja
 16957 | Lair:1   | Paralysed by Sonja for 4 turns
 16999 | Lair:1   | Killed Sonja
 16999 | Lair:1   | Received a gift from Okawaru
 16999 | Lair:1   | Reached XP level 11. HP: 93/102 MP: 6/13
 17007 | Lair:1   | Got a shimmering centaur barding {god gift}
 17018 | Lair:1   | Identified the +0 centaur barding of the Cast Vote {+Blink rF+ Stlth+} (Okawaru gifted it to you on level 1 of the Lair of Beasts)
 17359 | Lair:1   | Reached skill level 10 in Polearms
 18694 | Lair:2   | HP: 19/102 [spiny frog (19)]
 18737 | Lair:2   | HP: 26/102 [wolf (1)]
 19511 | Lair:2   | Reached skill level 11 in Polearms
 19945 | Lair:1   | HP: 25/102 [black mamba (14)]
 19951 | Lair:1   | HP: 19/102 [poisoned by a black mamba]
 19956 | Lair:1   | HP: 17/102 [poisoned by a black mamba]
 19962 | Lair:1   | HP: 15/102 [poisoned by a black mamba]
 19967 | Lair:1   | HP: 15/102 [poisoned by a black mamba]
 19974 | Lair:1   | HP: 15/102 [poisoned by a black mamba]
 19982 | Lair:1   | HP: 15/102 [poisoned by a black mamba]
 20008 | Lair:1   | Noticed a catoblepas
 20022 | Lair:1   | HP: 11/102 [black mamba (13)]
 20729 | Lair:1   | Killed a catoblepas
 21361 | Lair:2   | Reached skill level 12 in Polearms
 21464 | Lair:2   | Reached skill level 1 in Dodging
 21464 | Lair:2   | Reached skill level 1 in Invocations
 21558 | Lair:2   | HP: 30/102 [yak (13)]
 21562 | Lair:2   | HP: 13/102 [yak (12)]
 21572 | Lair:2   | Reached skill level 2 in Invocations
 21759 | Lair:2   | Noticed a four-headed hydra
 21940 | Lair:2   | Killed a four-headed hydra
 21940 | Lair:2   | Reached skill level 2 in Dodging
 22047 | Lair:2   | Received a gift from Okawaru
 22047 | Lair:2   | Reached skill level 3 in Dodging
 22047 | Lair:2   | Reached skill level 3 in Invocations
 22080 | Lair:2   | Reached XP level 12. HP: 86/110 MP: 9/14
 22575 | Lair:2   | Got a bone falchion
 22576 | Lair:2   | Identified the +6 falchion of Annihilation {venom, Int+3} (You found it on level 2 of the Lair of Beasts)
 22776 | Lair:2   | Reached skill level 4 in Dodging
 22776 | Lair:2   | Reached skill level 4 in Invocations
 23271 | Lair:3   | Found a staircase to the Snake Pit.
 23904 | Lair:3   | Reached skill level 5 in Invocations
 24322 | Lair:4   | Reached skill level 5 in Dodging
 24887 | Lair:4   | Noticed a queen ant
 24906 | Lair:4   | Reached skill level 12 in Fighting
 25068 | Lair:4   | Killed a queen ant
 25118 | Lair:4   | HP: 33/112 [poisoned by a soldier ant]
 25123 | Lair:4   | HP: 29/112 [poisoned by a soldier ant]
 25128 | Lair:4   | HP: 24/112 [poisoned by a soldier ant]
 25134 | Lair:4   | HP: 22/112 [poisoned by a soldier ant]
 25139 | Lair:4   | HP: 20/112 [poisoned by a soldier ant]
 25145 | Lair:4   | HP: 20/112 [poisoned by a soldier ant]
 25153 | Lair:4   | HP: 20/112 [poisoned by a soldier ant]
 26103 | Lair:4   | Received a gift from Okawaru
 26120 | Lair:4   | Got a scorched shield {god gift}
 26126 | Lair:4   | Identified the +0 shield of Okawaru's Outrage {Slay+3} (Okawaru gifted it to you on level 4 of the Lair of Beasts)
 26465 | Lair:4   | Reached skill level 13 in Fighting
 27732 | Lair:5   | Reached XP level 13. HP: 93/122 MP: 11/16
 28249 | Lair:5   | Reached skill level 14 in Fighting
 28382 | Lair:5   | Identified the Almanac of the Helpful Blaze (You found it on level 5 of the Lair of Beasts)
 28390 | Lair:5   | Learned a level 6 spell: Haste
 29897 | Lair:6   | Found a staircase to the Slime Pits.
 30110 | Lair:6   | HP: 28/125 [eight-headed hydra (12)]
 30110 | Lair:6   | HP: 12/125 [eight-headed hydra (10)]
 30110 | Lair:6   | HP: 2/125 [eight-headed hydra (10)]
 30110 | Lair:6   | Slain by an eight-headed hydra

Vault maps used:
D:1:      dpeg_arrival_erosion, minmay_statues_item
D:2:      vehumet_crystals, lemuel_doored_altar, first_bread
D:3:      xom_butterflies, tgw_sif, elyvilon_altar_1
D:4:      nicolae_ru_great_annihilating_truth, lemuel_round_altar
D:5:      good_gods_mini_temple, kennysheep_little_box,
          nicolae_dithmenos_through_a_glass_darkly, cheibrodos_worm_habitat,
          serial_glass, glass_columns_a, glass_columns_b
D:6:      minmay_temple_entry_statues_fountains, minmay_misc_feat_iff
D:7:      overflow_temple_1_default, serial_shops,
          nicolae_shop_overgrown_old_shop, vehumet_altar_wand_db
D:9:      old_standard_altar, david_lair_shrubbed, serial_curves,
          eino_curves_01, eino_curves_04, eino_curves_02, eino_curves_02,
          hangedman_tree_tricks, stair_cage_open, uniq_joseph
Lair:1:   st_stairs_8, bh_autumn_forest_stairs, serial_bayou_shore_b, uniq_sonja
Lair:3:   dummy_snake_entry
Lair:4:   minmay_another_anthill, grunt_megastairs_1
Lair:5:   small_statue_intersection, beast_lair_carwin_5, serial_bayou_shore_b
Lair:6:   nicolae_swamp_entry_splash_gauntlet, slime_altar_1,
          grunt_megastairs_3, uniq_maud

Action                   |  1- 3 |  4- 6 |  7- 9 | 10-12 | 13-15 || total
-------------------------+-------+-------+-------+-------+-------++-------
Melee: Spear             |    77 |   158 |   387 |  1239 |   304 ||  2165
       Short sword       |       |       |    26 |       |       ||    26
       Unarmed           |       |       |     4 |       |       ||     4
       Falchion          |       |       |       |       |     4 ||     4
       Blowgun           |       |       |       |       |     2 ||     2
 Fire: Shortbow          |       |       |    29 |       |       ||    29
       Blowgun           |       |       |    26 |   332 |    53 ||   411
Throw: Javelin           |       |       |       |     4 |     3 ||     7
 Cast: Sting             |    47 |    73 |   129 |    49 |     5 ||   303
       Ignite Poison     |       |     3 |    20 |    70 |    14 ||   107
Invok: Heroism           |       |       |     6 |     5 |     1 ||    12
 Abil: Evoke Blink       |       |       |       |    10 |       ||    10
Evoke: Wand              |       |     4 |     4 |     9 |       ||    17
  Use: Potion            |       |       |     6 |     1 |       ||     7
       Scroll            |       |       |    12 |    17 |     2 ||    31
 Stab: Paralysed         |       |     6 |       |     4 |       ||    10
       Invisible         |       |       |     5 |       |       ||     5
       Sleeping          |       |       |       |     5 |     1 ||     6
  Eat: Pizza             |     1 |       |       |       |       ||     1
       Chunk             |     2 |    12 |    10 |    29 |     8 ||    61
       Bread ration      |       |       |     4 |       |       ||     4
       Royal jelly       |       |       |     1 |       |       ||     1
       Meat ration       |       |       |     1 |       |       ||     1
       Fruit             |       |       |       |    20 |     1 ||    21
       Beef jerky        |       |       |       |     4 |       ||     4
